 Dungeon Crawl Stone Soup version 0.31-a0-321-g19405a7a6a (webtiles) character file.

Game seed: 7637998015904475255

1022 HallandMoats the Ruffian (level 8, -3/81 HPs)
             Began as a Troll Monk on July 17, 2023.
             Was a Believer of Okawaru.
             Slain by an iguana (4 damage)
             ... on level 5 of the Dungeon.
             The game lasted 00:06:37 (4308 turns).

HallandMoats the Ruffian (Troll Monk)               Turns: 4308, Time: 00:06:37

Health: -3/81      AC:  5    Str: 20    XL:     8   Next: 2%
Magic:  7/7        EV: 11    Int:  6    God:    Okawaru [**....]
Gold:   212        SH:  0    Dex: 14    Spells: 7/7 levels left

rFire   . .          .
                       - Unarmed
rCold   . . .        c - orb {light}
rNeg    . . .        a - +0 robe
rPois   .            (helmet restricted)
rElec   .            n - +0 cloak
rCorr   .            (gloves unavailable)
SInv    .            (boots unavailable)
Will    .....        (no amulet)
Stlth   +            (no ring)
HPRegen 1.13/turn    (no ring)
MPRegen 0.10/turn

%: no passive effects
@: glowing
A: large, unfitting armour, claws 3, regeneration 1, shaggy fur 1, tough skin 1
a: Renounce Religion, Heroism


You were on level 5 of the Dungeon.
You worshipped Okawaru.
Okawaru was pleased with you.
You visited 1 branch of the dungeon, and saw 6 of its levels.

You collected 266 gold pieces.
You spent 54 gold pieces at shops.

Inventory:

Armour
 a - a +0 robe (worn)
 c - an orb of light (worn)
 n - a +0 cloak (worn)
Wands
 k - a wand of polymorph (21)
 w - a wand of roots (9)
Scrolls
 d - a scroll of identify
 f - a scroll of revelation
 h - 3 scrolls of fog
 i - 2 scrolls of enchant armour
 l - 2 scrolls of fear
 m - a scroll of poison
 o - a scroll of blinking
 u - 3 scrolls of amnesia
 y - 3 scrolls of teleportation
Potions
 b - 2 potions of ambrosia
 e - 5 potions of curing {unknown}
 g - 6 potions of degeneration {unknown}
 j - 2 potions of mutation {unknown}
 q - a potion of magic {unknown}
 r - a potion of might {unknown}
 s - a potion of attraction {unknown}
 t - a potion of resistance {unknown}
 z - a potion of lignification {unknown}
 B - 3 potions of heal wounds {unknown}


   Skills:
 * Level 5.4 Fighting
 + Level 4.2 Dodging
 * Level 6.5 Unarmed Combat


You had 7 spell levels left.
You didn't know any spells.
Your spell library contained the following spells:

 Spells                   Type           Power      Damage    Failure   Level
 Lesser Beckoning         Tloc           0%         N/A       58%         2
 Dazzling Flash           Conj/Hex       0%         N/A       83%         3
 Gell's Gravitas          Tloc           0%         N/A       83%         3
 Teleport Other           Tloc           0%         N/A       83%         3
 Volatile Blastmotes      Fire/Tloc      0%         2d10      83%         3
 Starburst                Conj/Fire      0%         6d3       100%        6
 Orb of Destruction       Conj           0%         9d5       100%        7
 Maxwell's Capacitive Co  Air            0%         ∞         100%        8
 Summon Guardian Golem    Hex/Summ       Unusable   N/A       N/A         3
 Spellforged Servitor     Conj/Summ      Unusable   N/A       N/A         7

Dungeon Overview and Level Annotations

Branches:
Dungeon (6/15)
 Temple: D:4-7

Altars:
Ashenzari
Cheibriados
Okawaru
Sif Muna

Shops:
D:5 *


Innate Abilities, Weirdness & Mutations

You are too large for most types of armour.
You have claws for hands.
Your natural rate of healing is unusually fast.
You are covered in fur. (AC +1)
You have tough skin. (AC +1)


Message History

The gnoll closely misses you.
You climb upwards.
There is a stone staircase leading down here.
You mangle the gnoll!!
You kill the gnoll!
Okawaru accepts your kill.
Things that are here:
a +0 club; a gnoll corpse You start resting.
HP restored.
There is a stone staircase leading down here.
You climb downwards.
The gnoll hits you with a +0 flail! The iguana bites you!
The gnoll sergeant hits you from afar with a +0 trident!
The gnoll hits you with a +0 flail!
There is a stone staircase leading up, spattered with blood here.
Unknown command.
The gnoll sergeant hits you from afar with a +0 trident!
The iguana bites you!
* * * LOW HITPOINT WARNING * * *
The gnoll closely misses you. The gnoll hits you with a +0 flail.
* * * LOW HITPOINT WARNING * * *
You climb upwards.
There is a stone staircase leading down here.
You scratch the gnoll.
The gnoll is moderately wounded.
The gnoll misses you. The iguana barely misses you.
The gnoll hits you with a +0 flail!
* * * LOW HITPOINT WARNING * * *
You scratch the gnoll.
The gnoll is heavily wounded.
The gnoll misses you. The iguana bites you.
* * * LOW HITPOINT WARNING * * *
The gnoll hits you with a +0 flail!
* * * LOW HITPOINT WARNING * * *
You scratch the gnoll.
The gnoll is almost dead.
The gnoll hits you with a +0 flail.
* * * LOW HITPOINT WARNING * * *
The iguana bites you.
You die...

........#.....#.##.#
#.##≈≈§≈§§≈#
.##..##(####..#.##.#
###≈≈≈§..§§§ ........#
#..#....# ##≈≈≈§≈.≈.§≈
.###.####
#..########≈≈§§§.≈...§ ##
#....# #.......##≈≈≈.≈.≈.≈.≈§
#
####.####.#######≈§≈...≈.≈.§..
# #...##......#≈≈§.≈.§.≈.≈.≈.
# ###.....###l#≈≈...§§..§...≈
# #......g@g#§.≈.≈.≈.≈.≈.≈. #
#.....#####≈..§.≈.§.≈.§§§ #
#.....# #≈.≈§≈.≈.≈.§§§§
#####.### #§≈...≈...≈..§§
#...# #≈≈≈.≈.≈§≈.≈.≈.
###.####§≈≈...≈.≈.≈..
#....##≈≈≈.≈.≈.≈.≈.
####..##≈≈≈..§§...§
##.###§§§.≈§≈.≈≈


You could see an iguana and 2 gnolls.

Vanquished Creatures
  The ghost of LeprechaunX the Changeling, an amateur OpSh (D:4)
  Menkaure (D:4)
  A centaur (D:5)
  A phantom (D:5)
  A scorpion (D:3)
  A howler monkey (D:5)
  Crazy Yiuf (D:2)
  2 hounds
  Terence (D:3)
  Natasha (twice) (D:2)
  4 iguanas
  Robin (D:2)
  8 adders
  A gnoll (D:5)
  A shadow imp (D:4)
  A worm (D:3)
  2 dart slugs
  4 orcs
  11 ball pythons
  6 endoplasms
  4 giant cockroaches
  17 goblins
  10 hobgoblins
  2 jackals (D:2)
  6 kobolds
  7 quokkas
  5 bats
  4 frilled lizards
  6 rats
112 creatures vanquished.

Vanquished Creatures (others)
  A kobold (D:2)
1 creature vanquished.

Grand Total: 113 creatures vanquished

Notes
Turn   | Place    | Note
-------+----------+-------------------------------------------
     0 | D:1      | HallandMoats the Troll Monk began the quest for the Orb.
     0 | D:1      | Reached XP level 1. HP: 22/22 MP: 0/0
    87 | D:1      | Reached XP level 2. HP: 29/29 MP: 1/1
   811 | D:1      | Reached XP level 3. HP: 36/36 MP: 2/2
   957 | D:2      | Noticed Robin
  1024 | D:2      | Killed Robin
  1183 | D:2      | Reached XP level 4. HP: 45/45 MP: 3/3
  1335 | D:2      | Reached skill level 4 in Unarmed Combat
  1402 | D:2      | Noticed Natasha
  1410 | D:2      | Killed Natasha
  1499 | D:2      | Noticed Natasha
  1505 | D:2      | Killed Natasha
  1506 | D:2      | Reached XP level 5. HP: 50/53 MP: 4/4
  1516 | D:2      | You fall into a shaft and drop 1 floor!
  1755 | D:2      | Found a runed translucent door.
  1756 | D:2      | Noticed Crazy Yiuf
  1967 | D:2      | Killed Crazy Yiuf
  2284 | D:3      | Noticed Terence
  2296 | D:3      | Killed Terence
  2297 | D:3      | Reached XP level 6. HP: 56/62 MP: 5/5
  2469 | D:3      | Found a shimmering blue altar of Sif Muna.
  2612 | D:4      | Noticed Menkaure
  2621 | D:4      | Killed Menkaure
  2622 | D:4      | Reached skill level 5 in Unarmed Combat
  2727 | D:4      | Found a snail-covered altar of Cheibriados.
  2764 | D:4      | Found an iron altar of Okawaru.
  2781 | D:4      | Became a worshipper of Warmaster Okawaru
  2781 | D:4      | Reached * piety under Okawaru
  2781 | D:4      | Reached ** piety under Okawaru
  2832 | D:4      | Found a large runed translucent door.
  2834 | D:4      | Found a large runed translucent door.
  2836 | D:4      | Noticed LeprechaunX's ghost (amateur OpSh)
  2955 | D:4      | Reached XP level 7. HP: 71/71 MP: 6/6
  3354 | D:4      | Killed LeprechaunX's ghost
  3375 | D:5      | Entered Level 5 of the Dungeon
  3389 | D:5      | Reached skill level 5 in Fighting
  3389 | D:5      | Reached skill level 6 in Unarmed Combat
  3625 | D:5      | Found Torosam's Assorted Antiques.
  3633 | D:5      | Bought a scroll labelled KOIMAGR UXKEH for 27 gold pieces
  3633 | D:5      | Bought a scroll labelled WOXTIN OLINU for 27 gold pieces
  4138 | D:5      | Found a broken altar of Ashenzari.
  4190 | D:5      | Reached XP level 8. HP: 66/81 MP: 7/7
  4307 | D:5      | HP: 4/81 [gnoll/+0 flail[a gnoll sergeant] (7)]
  4308 | D:5      | HP: 1/81 [gnoll/+0 flail[a gnoll sergeant] (4)]
  4308 | D:5      | Slain by an iguana

Illustrated notes

Levels and vault maps discovered:
D:1:      minmay_arrival_loop, layout_basic
D:2:      layout_basic, bh_walls_and_bars, uniq_robin, uniq_natasha,
          uniq_crazy_yiuf_cottage
D:3:      kennysheep_six_static_rooms, layout_basic, led_sif_pool,
          minmay_fountain_box, minmay_misc_feat_square,
          dreamdust_mushroom_princess, kennysheep_generic_room_10, uniq_terence
D:4:      layout_loops_ring, mainiacjoe_overflow_large_starburst,
          ebering_ghost_disaster_area, minmay_misc_feat_ornament,
          abandoned_shop, uniq_menkaure
D:5:      layout_basic, mainiacjoe_overflow_alcove_1, serial_shops,
          nicolae_shop_crystal, kennysheep_cluttered_room,
          minmay_misc_feat_diagonals
D:6:      layout_basic, serial_rivers, chequers_serial_rivers_micro_e,
          chequers_serial_rivers_micro_c, chequers_serial_rivers_micro_c,
          chequers_serial_rivers_micro_b, nicolae_lava_and_water,
          kennysheep_dice, uniq_sigmund

Skill      XL: |  1  2  3  4  5  6  7 |
---------------+----------------------+-----
Fighting       | 3 4 5 |  5.4
Unarmed Combat | 4 5 6 |  6.5
Dodging        | 3 4 |  4.2

Action                     |  1- 3 |  4- 6 |  7- 9 || total
---------------------------+-------+-------+-------++-------
  Melee: Unarmed           |   106 |   114 |    56 ||   276
 Invoke: Heroism           |       |       |     1 ||     1
    Use: Scroll            |       |       |    12 ||    12
 Armour: Robe              |    24 |    25 |     9 ||    58
         Skin              |    53 |       |       ||    53
  Dodge: Dodged            |    51 |    48 |    30 ||   129

Table legend: (Time is in decaauts)
 A = Elapsed time spent in this place.
 B = Non-inter-level travel time spent in this place.
 C = Inter-level travel time spent in this place.
 D = Time resting spent in this place.
 E = Time spent auto-exploring this place.
 F = Levels seen in this place.
 G = Mean time per level.
                   A        B        C        D        E       F      G
               +--------+--------+--------+--------+--------+-----+--------+
         Total |   4284 |   4137 |    147 |     84 |   3205 |   6 |  714.0 |
       Dungeon |   4284 |   4137 |    147 |     84 |   3205 |   6 |  714.0 |
               +--------+--------+--------+--------+--------+-----+--------+

Top non-repeatable levels by time:
     D:2: 1035 daAuts
     D:1: 950 daAuts
     D:5: 913 daAuts
     D:4: 771 daAuts
     D:3: 599 daAuts
     D:6: 15 daAuts
